 Dungeon Crawl Stone Soup version 0.23.2 (webtiles) character file.

Game seed: 5158104024710731742

14 Kairos the Skirmisher (level 2, 25/25 HPs)
             Began as a Formicid Abyssal Knight on Apr 9, 2019.
             Was a Follower of Lugonu.
             Quit the game on level 1 of the Dungeon.
             The game lasted 00:02:00 (730 turns).

Kairos the Skirmisher (Formicid Abyssal Knight)      Turns: 730, Time: 00:02:02

Health: 25/25      AC:  5    Str: 16      XL:     2   Next: 55%
Magic:  3/3        EV: 10    Int: 11      God:    Lugonu [*.....]
Gold:   118        SH:  0    Dex:  8 (10) Spells: 1/1 levels left

rFire    . . .     SeeInvis +   a - +1 spear
rCold    . . .     Gourm    .   (no shield)
rNeg     . . .     Faith    .   f - +0 ring mail
rPois    .         Spirit   .   (helmet unavailable)
rElec    .         Reflect  .   (no cloak)
rCorr    .         Harm     .   (no gloves)
MR       .....                  (no boots)
Stlth    ..........             (no amulet)
HPRegen  0.08/turn              (no ring)
MPRegen  0.08/turn              (no ring)

@: no status effects
A: permanent stasis, dig shafts and tunnels, four strong arms, antennae 3
a: Dig, Shaft Self, Depart the Abyss, Renounce Religion


You were on level 1 of the Dungeon.
You worshipped Lugonu.
Lugonu was aware of your devotion.
You were not hungry.

You visited 1 branch of the dungeon, and saw 1 of its levels.
You visited the Abyss 1 time.

You collected 118 gold pieces.

Inventory:

Hand Weapons
 a - a +1 spear (weapon)
Armour
 b - a +1 leather armour
 f - a +0 ring mail (worn)
Scrolls
 i - a scroll of identify
 j - 3 scrolls of fear
Potions
 h - a potion of curing
Comestibles
 c - 3 rations


   Skills:
 + Level 3.7 Fighting
 + Level 2.1 Polearms
 + Level 2.5 Armour
 + Level 0.8 Dodging
 + Level 2.2 Invocations


You had one spell level left.
You didn't know any spells.
Your spell library was empty.

Dungeon Overview and Level Annotations

Branches:
Dungeon (1/15)

Altars:


Innate Abilities, Weirdness & Mutations

You cannot be hasted, slowed, berserked, paralysed or teleported.
You can dig through walls and to a lower floor.
Your four strong arms can wield two-handed weapons with a shield.
You have a pair of large antennae on your head. (SInv)


Message History

It was a potion of curing.
You feel better.
It was a potion of cancellation.
Your magical effects are unravelling.
You feel magically purged.
You float gracefully downwards.
As you read the scroll labeled YTSONEETIESS, it crumbles to dust.
It is a scroll of identify.
j - 3 scrolls of fear
As you read the scroll labeled WALIHO PURCHAOC, it crumbles to dust.
Your stasis prevents you from teleporting.
It was a scroll of blinking.
As you read the scroll labeled GIYPIA RILYILI, it crumbles to dust.
Your +1 spear glows shimmering umber for a moment.
It was a scroll of random uselessness.
As you read the scroll labeled OQELIMN XINUL, it crumbles to dust.
You hear a loud clanging noise!
It was a scroll of noise.
As you read the scroll labeled QYXOMAG XERIPS, it crumbles to dust.
It is a scroll of amnesia.
You feel forgetful for a moment.
Are you sure you want to abandon this character and quit the game? (Confirm with "yes".)

.........# #######.######
.........## #...# #.#.....
..........# #.#.# #.#.####
........#.# #.#.###'#.#
........#.# #.#.......####
#########.## #.#####....... ##
#..#########'### #....... .#
##.#...........# #....... .#
#[#....@......###..♣♣♣♣. .#
#.#...............♣♣...♣ .#
#...#######.♣.♣##.♣P.♣.♣
.##########♣.♣######...♣♣#.♣..P♣♣
..(........♣.♣#.##..♣P..♣♣♣♣..P♣♣
...........♣.♣#.##.#♣...PP..♣PP♣#
...........#.##'##'#'♣♣♣.....♣♣#
...........#...........♣♣P..PP♣
...........#............♣♣♣..♣♣


There were no monsters in sight!

Vanquished Creatures
  An ooze (D:1)
  A giant cockroach (D:1)
  2 hobgoblins (D:1)
  2 ball pythons (D:1)
  A bat (D:1)
  A frilled lizard (D:1)
  A kobold (D:1)
  A rat (D:1)
10 creatures vanquished.

Notes
Turn   | Place    | Note
-------+----------+-------------------------------------------
     0 | Abyss:1  | Kairos the Formicid Abyssal Knight began the quest for the
                  | Orb.
     0 | Abyss:1  | Reached XP level 1. HP: 18/18 MP: 2/2
    15 | Abyss:1  | Noticed a quasit
    76 | Abyss:2  | Noticed a great orb of eyes
   116 | Abyss:3  | Noticed a wretched star
   121 | Abyss:3  | Noticed a fire bat
   122 | D:1      | Escaped the Abyss
   325 | D:1      | Reached XP level 2. HP: 21/24 MP: 3/3
   493 | D:1      | Reached * piety under Lugonu
   730 | D:1      | Quit the game

Action                   || total
-------------------------++-------
Melee: Spear             ||    31
Invok: Depart the Abyss  ||     1
 Abil: Dig               ||     1
  Use: Scroll            ||     7
       Potion            ||     3
Armor: Leather armour    ||     6
       Ring mail         ||     2
Dodge: Dodged            ||    17
